 Dungeon Crawl Stone Soup version 0.31-a0-14-gc80a10f4b6 (webtiles) character file.

Game seed: 2193028945948421186

22145 Moonkey the Thaumaturge (level 12, -9/75 HPs)
             Began as a Deep Elf Conjurer on May 7, 2023.
             Was a Priest of Vehumet.
             Mangled by a red draconian
             ... wielding a +0 flail of flaming
              (10 damage)
             ... in a volcano.
             The game lasted 01:09:17 (22031 turns).

Moonkey the Thaumaturge (Deep Elf Conjurer)        Turns: 22031, Time: 01:09:17

Health: -9/75      AC:  9    Str:  9    XL:     12   Next: 60%
Magic:  1/31       EV: 15    Int: 32    God:    Vehumet [***...]
Gold:   480        SH:  0    Dex: 13    Spells: 24/37 levels left

rFire   . . .        M - +11 hand axe "Viewucy" {spect, Str+5 Int+3}
rCold   . . .        (no shield)
rNeg    . . .        (no body armour)
rPois   +            A - +0 helmet
rElec   .            K - +1 cloak
rCorr   .            k - +1 pair of gloves
SInv    .            (no boots)
Will    +....        F - amulet of the acrobat
Stlth   ++++         i - +4 ring of protection
HPRegen 0.32/turn    N - ring of poison resistance
MPRegen 0.22/turn

%: acrobat
@: no status effects
A: no striking features
a: Renounce Religion


You were in a volcano.
You worshipped Vehumet.
Vehumet was most pleased with you.
You visited 3 branches of the dungeon, and saw 15 of its levels.
You also visited: Sewer and Volcano.

You collected 977 gold pieces.
You spent 497 gold pieces at shops.

Inventory:

Hand Weapons
 M - the +11 hand axe "Viewucy" (weapon) {spect, Str+5 Int+3}
   (You found it on level 9 of the Dungeon)

   Str:       It affects your strength (+5).
   Int:       It affects your intelligence (+3).
 U - a +2 demon trident of flaming
Armour
 a - a +0 troll leather armour
 k - a +1 pair of gloves (worn)
 A - a +0 helmet (worn)
 G - a +3 chain mail of fire resistance
 K - a +1 cloak (worn)
 L - +0 steam dragon scales
 Q - a +0 cloak of stealth
 V - a +1 leather armour of fire resistance
Magical Staves
 e - a staff of earth
 O - a staff of poison
Jewellery
 i - a +4 ring of protection (left hand)
 o - a ring of protection from cold
 z - a +6 ring of strength
 F - an amulet of the acrobat (around neck)
 N - a ring of poison resistance (right hand)
 S - a ring of protection from cold
Wands
 b - a wand of mindburst (19)
 j - a wand of digging (16)
 s - a wand of flame (38)
 w - a wand of paralysis (2)
Scrolls
 g - 2 scrolls of teleportation
 h - a scroll of poison
 n - 2 scrolls of fog {unknown}
 q - 2 scrolls of torment {unknown}
 v - 4 scrolls of vulnerability {unknown}
 y - 5 scrolls of fear {unknown}
 B - 2 scrolls of enchant armour {unknown}
 C - a scroll of silence {unknown}
 E - a scroll of amnesia {unknown}
 H - a scroll of magic mapping
 R - a scroll of enchant weapon
 T - a scroll of summoning {unknown}
Potions
 c - 3 potions of attraction
 d - 7 potions of curing
 f - 4 potions of lignification
 l - 6 potions of degeneration
 m - a potion of flight
 p - 4 potions of mutation
 r - 4 potions of haste
 t - a potion of resistance {unknown}
 u - 4 potions of brilliance
 x - 3 potions of cancellation
 D - a potion of might
 I - a potion of invisibility
 J - a potion of berserk rage
 P - a potion of ambrosia


   Skills:
 * Level 8.3 Fighting
 + Level 8.8 Dodging
 + Level 9.4 Stealth
 * Level 13.3 Spellcasting
 * Level 11.7 Conjurations
 - Level 7.0 Translocations
 * Level 5.0 Earth Magic


You had 24 spell levels left.
You knew the following spells:

 Your Spells              Type           Power      Damage    Failure   Level
a - Magic Dart            Conj           100%       1d8       0%          1
b - Searing Ray           Conj           100%       2d8       1%          2
c - Iskenderun's Mystic   Conj/Tloc      69%        2d14      1%          4
d - Iron Shot             Conj/Erth      33%        9d7       3%          6

Your spell library contained the following spells:

 Spells                   Type           Power      Damage    Failure   Level
 Stone Arrow              Conj/Erth      100%       3d13      1%          3
 Dazzling Flash           Conj/Hex       100%       N/A       1%          3
 Vhi's Electric Charge    Tloc/Air       86%        N/A       1%          3
 Fulminant Prism          Conj/Hex       28%        3d14      1%          4
 Arcjolt                  Conj/Air       28%        1d38      1%          5
 Slow                     Hex            84%        N/A       2%          1
 Summon Small Mammal      Summ           84%        N/A       2%          1
 Cigotuvi's Dreadful Rot  Necr/Pois/Air  42%        N/A       3%          2
 Olgreb's Toxic Radiance  Pois           21%        N/A       6%          4
 Call Canine Familiar     Summ           21%        N/A       7%          3
 Confusing Touch          Hex            21%        N/A       7%          3
 Summon Guardian Golem    Hex/Summ       21%        N/A       7%          3
 Vampiric Draining        Necr           21%        2d7       7%          3
 Animate Armour           Summ/Erth      74%        N/A       8%          4
 Dispel Undead            Necr           21%        3d11      22%         4
 Blade Hands              Tmut           10%        N/A       52%         5
 Plasma Beam              Fire/Air       10%        2x1d23    61%         6
 Death Channel            Necr           10%        N/A       98%         6
 Discord                  Hex            10%        N/A       100%        8
 Ignition                 Fire           10%        3d5       100%        8


Dungeon Overview and Level Annotations

Branches:
Dungeon (13/15)            Temple (1/1) D:6            Lair (1/5) D:10
    Orc (0/2) D:10          Sewer (visited)         Volcano (1/1)
 Vaults: D:13-14

Altars:
Ashenzari
Cheibriados
Dithmenos
Elyvilon
Fedhas
Gozag
Hepliaklqana
Kikubaaqudgha
Makhleb
Nemelex Xobeh
Okawaru
Qazlal
Ru
Sif Muna
Trog
Uskayaw
Vehumet
Wu Jian
Xom
Yredelemnul
Zin
The Shining One

Shops:
D:3 !   D:7 **   D:11 *

Portals:
Trove: D:12 (show abyssal rune of Zot)


Message History

You don't have enough magic to cast this spell.
Unknown command.
The red draconian breathes fire at you. The searing blast hits you!
The red draconian breathes fire at you. The searing blast hits you!!
The red draconian breathes fire at you. The searing blast misses you.
You feel better.
Unknown command.
You start resting.
A red draconian is nearby!
Casting: Iron Shot (dangerous; 3% risk of failure)
Confirm with . or Enter, or press ? or * to list all spells.
Aiming: Iron Shot (dangerous; 3% risk of failure)
Press: ? - help, Shift-Dir - straight line, f/p - red draconian
Aim: a red draconian, wielding a +0 flail of flaming and wearing a +0 cloak (almost dead, 74% to hit)
The iron shot misses the red draconian.
The red draconian breathes fire at you. The searing blast misses you.
You start removing your armour.
You continue taking off your +0 steam dragon scales.
The red draconian misses you.
You continue taking off your +0 steam dragon scales.
The red draconian hits you but does no damage.
Keep disrobing?
You continue taking off your +0 steam dragon scales.
The red draconian hits you with a +0 flail of flaming.
The red draconian burns you.
You continue taking off your +0 steam dragon scales.
The red draconian breathes fire at you. The searing blast hits you!
* * * LOW HITPOINT WARNING * * *
You finish taking off your +0 steam dragon scales.
Unknown command.
You are engulfed in blazing flames.
Keep equipping yourself?
* * * LOW HITPOINT WARNING * * *
The red draconian hits you with a +0 flail of flaming!
You die...

##≈≈##.###...##.. ##
##.#.....§.. ###
###....§§§≈. ##≈#
##.....≈§§§≈§ #§≈##
#.....≈≈≈§§≈≈ ##≈§≈##
##.....§≈≈§§≈ #§≈..§##
#.....≈§§≈§§≈ #≈§..)○##
###d...§§≈§≈§
#...).∩@####.......§§§§§
###...)d##○○###○☼.......
##..##..### ##.#...###
######## ######.###
#..#∩#.# ###...###
###..§..# #..§.§.§≈#
##≈§≈§≈≈##


You could see a red draconian (catching breath).

Vanquished Creatures
  A boulder beetle (D:12)
  2 two-headed ogres
  A tengu warrior (D:8)
  3 death yaks (D:10)
  A salamander mystic (Volcano)
  Pikel (D:4)
  An ugly thing (D:13)
  A deep elf pyromancer (D:12)
  2 manticores (D:12)
  3 salamanders (Volcano)
  A gargoyle (D:11)
  2 unseen horrors
  A komodo dragon (D:10)
  A hornet (D:9)
  6 trolls
  Sigmund (D:2)
  7 slime creatures
  A shadow (D:11)
  2 wyverns
  2 steam dragons
  4 water elementals (D:10)
  21 yaks
  12 vampire mosquitoes
  3 wargs (D:10)
  3 acid dragons
  A water moccasin (D:5)
  6 orc warriors
  2 sky beasts (D:7)
  2 black bears
  9 centaurs
  2 lemures (D:4)
  A phantom (D:7)
  3 kobold brigands (Sewer)
  8 bullfrogs
  2 gnoll sergeants
  3 scorpions
  5 wights (D:6)
  8 howler monkeys
  3 orc priests
  A hound (D:6)
  A gnoll bouda (D:7)
  A sleepcap (D:6)
  6 iguanas
  7 orc wizards
  6 river rats
  9 adders
  6 gnolls
  3 white imps
  An ufetubus (D:7)
  A worm (D:3)
  5 dart slugs
  43 orcs
  6 bats
  3 endoplasms (D:1)
  4 giant cockroaches
  7 goblins
  7 hobgoblins
  4 jackals (D:2)
  8 kobolds
  2 quokkas
  5 ball pythons
  6 frilled lizards
  12 rats
292 creatures vanquished.

Vanquished Creatures (others)
  A vampire (D:11)
  A fungus (Lair:1)
  5 plants (Sewer)
7 creatures vanquished.

Grand Total: 299 creatures vanquished

Notes
Turn   | Place    | Note
-------+----------+-------------------------------------------
     0 | D:1      | Moonkey the Deep Elf Conjurer began the quest for the Orb.
     0 | D:1      | Reached XP level 1. HP: 10/10 MP: 6/6
   112 | D:1      | Reached XP level 2. HP: 16/16 MP: 6/8
   664 | D:1      | Reached skill level 1 in Translocations
  1383 | D:2      | Reached XP level 3. HP: 20/20 MP: 5/9
  1386 | D:2      | Learned a level 2 spell: Searing Ray
  1884 | D:2      | Noticed Sigmund
  1899 | D:2      | Killed Sigmund
  1900 | D:2      | Reached skill level 1 in Fighting
  1900 | D:2      | Reached skill level 4 in Spellcasting
  1900 | D:2      | Reached skill level 5 in Conjurations
  1900 | D:2      | Reached XP level 4. HP: 26/26 MP: 6/12
  1900 | D:2      | Reached XP level 5. HP: 30/30 MP: 6/13
  1905 | D:2      | Learned a level 4 spell: Iskenderun's Mystic Blast
  2049 | D:3      | Found a broken altar of Ashenzari.
  2214 | D:3      | Found Qeda's Distillery.
  2219 | D:3      | Bought a potion of attraction for 39 gold pieces
  2219 | D:3      | Bought a potion of degeneration for 13 gold pieces
  2219 | D:3      | Bought a potion of flight for 39 gold pieces
  2219 | D:3      | Bought a potion of curing for 39 gold pieces
  2253 | D:3      | Found a shadowy altar of Dithmenos.
  2900 | D:4      | Reached XP level 6. HP: 28/35 MP: 1/14
  2999 | D:4      | Found an ancient bone altar of Kikubaaqudgha.
  3209 | D:4      | Found a snail-covered altar of Cheibriados.
  3409 | D:4      | Reached skill level 5 in Spellcasting
  3836 | D:4      | Reached XP level 7. HP: 40/40 MP: 2/16
  4156 | D:4      | Noticed Pikel
  4193 | D:4      | Killed Pikel
  4194 | D:4      | Reached skill level 6 in Spellcasting
  4646 | D:5      | Entered Level 5 of the Dungeon
  4757 | D:5      | Reached XP level 8. HP: 42/46 MP: 12/19
  4770 | D:5      | Found a glowing drain.
  4843 | Sewer    | Entered a sewer
  6479 | D:5      | Reached skill level 5 in Translocations
  6657 | D:5      | Reached skill level 7 in Spellcasting
  6676 | D:5      | Reached skill level 5 in Stealth
  7187 | D:6      | Found a staircase to the Ecumenical Temple.
  7467 | D:6      | Reached skill level 5 in Dodging
  7582 | D:6      | Reached XP level 9. HP: 52/52 MP: 17/22
  7869 | Temple   | Entered the Ecumenical Temple
  8055 | Temple   | Became a worshipper of Vehumet
  8480 | D:6      | Reached skill level 8 in Spellcasting
  8541 | D:6      | Found an iron altar of Okawaru.
  8999 | D:7      | Found Lihoerow's Specific Store.
  9003 | D:7      | Found Engenn's General Store.
  9076 | D:7      | Bought a scroll of identify for 26 gold pieces
  9076 | D:7      | Bought a scroll of magic mapping for 97 gold pieces
  9078 | D:7      | Bought a potion of invisibility for 104 gold pieces
  9849 | D:7      | Found a bloodstained altar of Trog.
  9956 | D:8      | Reached * piety under Vehumet
  9956 | D:8      | Offered knowledge of Kiss of Death by Vehumet.
 10215 | D:8      | Reached skill level 5 in Fighting
 10444 | D:8      | Reached skill level 9 in Spellcasting
 10533 | D:8      | Reached XP level 10. HP: 59/59 MP: 15/25
 10800 | D:8      | Noticed a tengu warrior
 10841 | D:8      | Killed a tengu warrior
 12059 | D:9      | Reached skill level 10 in Spellcasting
 12206 | D:9      | Noticed a two-headed ogre
 12249 | D:9      | Killed a two-headed ogre
 12393 | D:9      | Identified the +11 hand axe "Viewucy" {spect, Str+5 Int+3}
 13581 | D:10     | Entered Level 10 of the Dungeon
 13623 | D:10     | Noticed a two-headed ogre
 13823 | D:10     | Killed a two-headed ogre
 14110 | D:10     | Reached XP level 11. HP: 66/66 MP: 17/27
 14171 | D:10     | Noticed a death yak
 14208 | D:10     | Killed a death yak
 14317 | D:10     | Found a burning altar of Makhleb.
 14363 | D:10     | Reached skill level 11 in Spellcasting
 14371 | D:10     | Reached skill level 10 in Conjurations
 14674 | D:10     | Found a staircase to the Lair.
 14678 | D:10     | Noticed a death yak
 14882 | D:10     | Noticed a death yak
 14887 | D:10     | Killed a death yak
 15252 | D:10     | Killed a death yak
 15663 | D:10     | Reached ** piety under Vehumet
 15663 | D:10     | Offered knowledge of Static Discharge by Vehumet.
 16054 | D:10     | Found a staircase to the Orcish Mines.
 16065 | D:10     | Found an opulent altar of Gozag.
 16073 | D:10     | Found a glowing silver altar of Zin.
 16073 | D:10     | Found a white marble altar of Elyvilon.
 16074 | D:10     | Found a blossoming altar of Fedhas.
 16315 | D:3      | Bought a potion of mutation for 104 gold pieces
 16918 | D:11     | Reached skill level 1 in Earth Magic
 16924 | D:11     | Reached skill level 12 in Spellcasting
 17231 | D:11     | Found Xoniqoh's Changing Room.
 17244 | D:11     | Bought a potion of lignification for 36 gold pieces
 17287 | D:11     | Learned a level 6 spell: Iron Shot
 18171 | D:12     | Found a portal to a secret trove of treasure.
 18253 | D:12     | Offered knowledge of Frozen Ramparts by Vehumet.
 18442 | D:12     | Reached XP level 12. HP: 38/73 MP: 21/30
 18700 | D:12     | Noticed a boulder beetle
 19338 | D:12     | Reached *** piety under Vehumet
 19506 | D:12     | Killed a boulder beetle
 20328 | D:12     | Reached skill level 13 in Spellcasting
 20396 | D:13     | Offered knowledge of Stone Arrow by Vehumet.
 20524 | D:13     | Noticed a centaur warrior
 20524 | D:13     | Noticed a tengu warrior
 20526 | D:13     | Noticed a tengu warrior
 20952 | Lair:1   | Entered Level 1 of the Lair of Beasts
 20973 | Lair:1   | Found a dark tunnel.
 20978 | Volcano  | Entered a volcano
 21814 | Volcano  | Reached skill level 5 in Earth Magic
 21996 | Volcano  | Noticed a red draconian
 22031 | Volcano  | HP: 1/75 [red draconian] (18)]
 22031 | Volcano  | Mangled by a red draconian

Illustrated notes

Levels and vault maps discovered:
D:1:      spicycebolla_arrival_ecumenical, layout_basic
D:2:      layout_loops_ring, uniq_sigmund
D:3:      layout_loops_ring, cheibrodos_ashenzari_chains,
          nicolae_dithmenos_through_a_glass_darkly, serial_shops,
          nicolae_square_shop, chequers_jeans, chequers_serial_rivers_room_a
D:4:      layout_loops_ring, mainiacjoe_overflow_brackets, lemuel_crystal_altar,
          uniq_pikel
D:5:      layout_loops_cross, portal_sewer_entry_b, st_stairs_9
D:6:      layout_loops_ring, okawaru_trees_2, minmay_temple_entry_sparse_star
D:7:      layout_cave_pools, trog_hazing_becter, nicolae_specific_store
D:8:      layout_loops_ring, kennysheep_just_a_vault
D:9:      layout_layer_cave, grunt_decor_fettered, minmay_holes,
          wad_rectangle_vault
D:10:     layout_basic, minitemple, mainiacjoe_overflow_concentric_impassable,
          dpeg_lair_monsters, minmay_orc_entry_guard_dogs,
          nicolae_underground_beach
D:11:     layout_cave_pods, nicolae_transmutations_shop
D:12:     layout_loops_ring, nicolae_trove_entry_crystal, minmay_puff
D:13:     layout_rooms, erik_vaults_1, chequers_arboretum, kennysheep_nub,
          drop_trap
Temple:   nicolae_temple_bog_church
Lair:1:   layout_regular_city, ebering_ghost_rock_garden, enter_volcano_4,
          basic_altar, grunt_megastairs_3, infiniplex_staircase_pool_2,
          serial_bayou_shore_b
Volcano:  volcano_pools

Skill      XL: |  1  2  3  4  5  6  7  8  9 10 11 12 |
---------------+-------------------------------------+-----
Translocations | 1 2 3 4 5 6 7 |  7.0
Fighting       | 1 2 3 4 5 6 7 8 |  8.3
Dodging        | 3 4 5 7 8 |  8.8
Stealth        | 3 4 5 6 7 8 9 |  9.4
Spellcasting   | 4 5 6 7 9 10 12 13 | 13.3
Conjurations   | 5 6 7 8 9 11 | 11.7
Earth Magic    | 2 5 |  5.0

Action                     |  1- 3 |  4- 6 |  7- 9 | 10-12 || total
---------------------------+-------+-------+-------+-------++-------
  Melee: Staff             |       |       |     1 |       ||     1
   Cast: Magic Dart        |    61 |    74 |   230 |   150 ||   515
         Searing Ray       |     1 |    14 |    48 |    89 ||   152
         Iskenderun's Myst |       |       |    19 |    91 ||   110
         Iron Shot         |       |       |       |    39 ||    39
  Evoke: Wand              |       |       |       |     3 ||     3
    Use: Potion            |       |       |       |     8 ||     8
         Scroll            |       |       |       |    10 ||    10
 Armour: Robe              |     1 |    12 |    21 |     7 ||    41
         Steam dragon scal |       |       |       |    45 ||    45
  Dodge: Dodged            |     5 |    15 |    63 |   265 ||   348

Table legend: (Time is in decaauts)
 A = Elapsed time spent in this place.
 B = Non-inter-level travel time spent in this place.
 C = Inter-level travel time spent in this place.
 D = Time resting spent in this place.
 E = Time spent auto-exploring this place.
 F = Levels seen in this place.
 G = Mean time per level.
                   A        B        C        D        E       F      G
               +--------+--------+--------+--------+--------+-----+--------+
         Total |  22202 |  20769 |   1433 |   8968 |   8680 |  17 | 1306.0 |
       Dungeon |  19524 |  18129 |   1395 |   7592 |   7849 |  13 | 1501.8 |
        Temple |    218 |    180 |     38 |      0 |    170 |   1 |  218.0 |
          Lair |     25 |     25 |      0 |      0 |      0 |   1 |   25.0 |
         Sewer |   1399 |   1399 |      0 |    598 |    549 |   1 | 1399.0 |
       Volcano |   1035 |   1035 |      0 |    778 |    111 |   1 | 1035.0 |
               +--------+--------+--------+--------+--------+-----+--------+

Top non-repeatable levels by time:
    D:12: 2914 daAuts
    D:10: 2230 daAuts
     D:8: 1996 daAuts
     D:9: 1960 daAuts
     D:5: 1894 daAuts
     D:4: 1832 daAuts
    D:11: 1556 daAuts
   Sewer: 1399 daAuts
     D:7: 1272 daAuts
     D:1: 1153 daAuts
 Volcano: 1035 daAuts
     D:6: 920 daAuts
     D:3: 897 daAuts
     D:2: 869 daAuts
  Temple: 218 daAuts
